 Dungeon Crawl Stone Soup version 0.16.2-12-gd0ad4c3 (webtiles) character file.

21 schauveau the Digger (level 2, 0/15 HPs)
             Began as a Gargoyle Earth Elementalist on Oct 30, 2015.
             Slain by an adder (2 damage)
             ... on level 1 of the Dungeon.
             The game lasted 00:05:55 (1342 turns).

schauveau the Digger (Gargoyle Earth Elementalist)  Turns: 1342, Time: 00:05:56

Health: 0/15       AC: 12    Str: 11    XL:     2   Next: 87%
Magic:  5/5        EV:  1    Int: 15    God:
Gold:   71         SH:  2    Dex:  7    Spells: 1 memorised, 5 levels left

rFire  . . .     SeeInvis .     e - +0 club
rCold  . . .     Clarity  .     l - +0 plate armour
rNeg   + . .     SustAb   .     g - +0 buckler
rPois  ∞         Gourm    .     (no helmet)
rElec  +         Spirit   .     (no cloak)
rCorr  .         Warding  .     (no gloves)
rMut   .         Stasis   .     (no boots)
MR     +....                    (no amulet)
Stlth  ..........               (no ring)
                                j - -3 ring of dexterity (curse)

@: somewhat resistant to hostile enchantments, extremely unstealthy
A: magic resistance 1, negative energy resistance 1, electricity resistance,
unbreathing, petrification resistance, rot immunity, AC +2
a: no special abilities


You were on level 1 of the Dungeon.
You were not hungry.

You visited 1 branch of the dungeon, and saw 2 of its levels.

You collected 71 gold pieces.

Inventory:

Hand weapons
 e - a +0 club (weapon)
 i - a +0 mace
Missiles
 b - 100 stones (quivered)
 k - 17 poisoned needles
Armour
 c - a +0 robe
 g - a +0 buckler (worn)
 l - a +0 plate armour (worn)
Jewellery
 j - a cursed -3 ring of dexterity (left hand)
Scrolls
 f - a scroll of enchant weapon {unknown}
 h - a scroll of identify
 n - a scroll of noise {unknown}
Books
 d - a book of Geomancy

   Spells                             Type                      Level
   a - Sandblast                      Earth                        1
   b - Stoneskin                      Transmutation/Earth          2
   c - Passwall                       Transmutation/Earth          3
   d - Stone Arrow                    Conjuration/Earth            3
   e - Petrify                        Transmutation/Earth          4
   f - Lee's Rapid Deconstruction     Earth                        5
Comestibles
 a - 3 bread rations
 m - 3 fruits


   Skills:
 - Level 1.5 Dodging
 - Level 2.1 Stealth
 * Level 2.6 Spellcasting
   Level 0.7 Transmutations
 + Level 4.2 Earth Magic


You had 5 spell levels left.
You knew the following spells:

 Your Spells              Type           Power        Failure   Level  Hunger
a - Sandblast             Erth           ##....       100%        1    #......


Dungeon Overview and Level Annotations

Branches:
Dungeon (2/15)

Altars:


Innate Abilities, Weirdness & Mutations

You are resistant to torment.
You are immune to poison.
Your stone body is very resilient (AC +2).
You resist negative energy.
You are resistant to electric shocks.
You can survive without breathing.
You are immune to petrification.
You are immune to rotting.
You are resistant to hostile enchantments.


Message History

The adder bites you but does no damage.
There is a stone staircase leading up here.
You closely miss the adder. The adder bites you but does no damage.
The adder bites you but does no damage.
Your shield and plate armour prevent you from hitting the adder.
The adder bites you.
* * * LOW HITPOINT WARNING * * *
The adder bites you.
* * * LOW HITPOINT WARNING * * *
You closely miss the adder. The adder bites you but does no damage.
The adder bites you but does no damage. x2
You climb upwards.
There is a stone staircase leading down here.
The adder bites you but does no damage. The adder bites you but does no damage.
The adder bites you but does no damage. You block the adder's attack.
The adder bites you but does no damage. The adder bites you.
You die...

≈.# #.........##.......#########
≈.## #.######....................
≈..###.# ##.##.####.#.........
≈..÷...# #.##.####.#########.
..####.# #.##......# #. ..## #.#
#.##..###.# #.
...###.#######.....#...# #.
............##.###.#.#.# #.
...#.#.#........@S.....# #.
...............#######.#########.
###..#.#....##.## #......).... #
#.#...#...#...## ###########. #
#.##.##....>...# #####.
#.##.##........# #.....
#.##.##........###### #.###.
###.##.##...#.........# #.# #.
.......##...##........# #.# #.


You could see an adder.

Vanquished Creatures
  A giant cockroach (D:1)
  3 hobgoblins (D:1)
  A quokka (D:2)
  5 bats (D:1)
  A giant gecko (D:1)
  A giant newt (D:1)
  2 goblins (D:1)
  3 kobolds (D:1)
  5 rats (D:1)
22 creatures vanquished.

Notes
Turn   | Place    | Note
--------------------------------------------------------------
     0 | D:1      | schauveau, the Gargoyle Earth Elementalist, began the quest for the Orb.
     0 | D:1      | Reached XP level 1. HP: 10/10 MP: 3/3
   261 | D:1      | Reached skill level 4 in Earth Magic
   261 | D:1      | Reached XP level 2. HP: 4/15 MP: 0/4
   959 | D:1      | Gained mutation: You evolve. [potion of beneficial mutation]
  1032 | D:1      | Gained mutation: You are resistant to hostile enchantments. [evolution]
  1032 | D:1      | Lost mutation: You evolve. [end of evolution]
  1342 | D:1      | Slain by an adder

Action                   || total
-------------------------++-------
Melee: Club              ||   187
 Cast: Sandblast         ||    22
  Use: Scroll            ||     1
       Potion            ||     1
  Eat: Chunk             ||     2
